 Dungeon Crawl Stone Soup version 0.31-a0-331-geda263fcf1 (webtiles) character file.

Game seed: 1898340978893652595

1733 LeprechaunX the Ruffian (level 9, -3/60 HPs)
             Began as an Octopode Shapeshifter on July 19, 2023.
             Slain by an iguana (12 damage)
             ... on level 5 of the Dungeon.
             The game lasted 00:05:03 (4208 turns).

LeprechaunX the Ruffian (Octopode Shapeshifter)     Turns: 4208, Time: 00:05:03

Health: -3/60      AC:  1    Str: 18    XL:     9   Next: 5%
Magic:  9/9        EV: 14    Int: 11    God:
Gold:   360        SH:  5    Dex: 12    Spells: 8/8 levels left

rFire   + .          .
                       - Unarmed
rCold   . . .        (no shield)
rNeg    . . .        (helmet currently unavailable)
rPois   .            k - amulet of reflection
rElec   .            o - ring of protection from fire
rCorr   .            (no ring)
SInv    .            (no ring)
Will    .....        (no ring)
Stlth   ++           (no ring)
HPRegen 0.30/turn    (no ring)
MPRegen 0.11/turn    (no ring)
                     (no ring)

%: reflection
@: beast-form
A: beast (slay +4), almost no armour, amphibious, 8 rings, camouflage 1,
gelatinous body 1, (nimble swimmer 1), tentacles
a: Begin Untransformation


You were on level 5 of the Dungeon.
You were a hulking beast.
You visited 1 branch of the dungeon, and saw 6 of its levels.

You collected 360 gold pieces.

Inventory:

Missiles
 n - a throwing net
Jewellery
 k - an amulet of reflection (around mantle)
 o - a ring of protection from fire (left tentacle)
Talismans
 b - a beast talisman
Wands
 j - a wand of flame (36) (quivered)
Scrolls
 f - 5 scrolls of identify {unknown}
 g - 2 scrolls of revelation {unknown}
 i - a scroll of blinking {unknown}
 l - 2 scrolls of teleportation {unknown}
 p - a scroll of vulnerability {unknown}
Potions
 a - a potion of lignification
 c - 2 potions of heal wounds {unknown}
 d - a potion of might {unknown}
 e - 2 potions of haste {unknown}
 h - 2 potions of enlightenment {unknown}
 m - a potion of degeneration {unknown}


   Skills:
 + Level 4.8 Fighting
 + Level 4.9 Dodging
 * Level 6.8 Unarmed Combat
 * Level 6.2 Shapeshifting


You had 8 spell levels left.
You didn't know any spells.
Your spell library contained the following spells:

 Spells                   Type           Power      Damage    Failure   Level
 Kiss of Death            Conj/Necr      0%         2d5       34%         1
 Summon Small Mammal      Summ           0%         N/A       34%         1
 Ensorcelled Hibernation  Hex/Ice        0%         N/A       47%         2
 Passwall                 Tmut/Erth      0%         N/A       47%         2
 Sublimation of Blood     Necr           0%         N/A       47%         2
 Call Canine Familiar     Summ           0%         N/A       71%         3
 Confusing Touch          Hex            0%         N/A       71%         3
 Gell's Gravitas          Tloc           0%         N/A       71%         3
 Summon Guardian Golem    Hex/Summ       0%         N/A       71%         3
 Swiftness                Air            0%         N/A       71%         3
 Teleport Other           Tloc           0%         N/A       71%         3
 Dispel Undead            Necr           0%         3d6       98%         4
 Petrify                  Tmut/Erth      0%         N/A       98%         4
 Irradiate                Conj/Tmut      0%         3d11      100%        5
 Dispersal                Tloc           0%         N/A       100%        6


Dungeon Overview and Level Annotations

Branches:
Dungeon (6/15)
 Temple: D:4-7

Altars:
Hepliaklqana
Makhleb
Vehumet
The Shining One

Shops:
D:2 ?


Innate Abilities, Weirdness & Mutations

You are a hulking beast.
Your limbs bulge with bestial killing power. (Slay +4)
You cannot wear most types of armour.
You are amphibious.
You can wear up to eight rings at the same time.
Your skin changes colour to match your surroundings (Stealth+).
Your rubbery body absorbs attacks. (AC +1, EV +1)
((You are camouflaged when in or above water. (Stealth+)))
You have tentacles for arms and can constrict up to eight enemies at once.


Message History

No target in view!
A wyvern and an iguana come into view.
The wyvern hisses angrily.
There are monsters nearby!
There are monsters nearby!
There are monsters nearby!
The iguana hisses angrily.
You tentacle-slap the wyvern.
The wyvern is lightly wounded.
The wyvern bites you.
You tentacle-slap the wyvern.
You squeeze the wyvern, but do no damage.
The wyvern is moderately wounded.
You block the wyvern's attack. The wyvern bites you!
You closely miss the wyvern. Your squeeze misses the wyvern.
The wyvern is moderately wounded.
You block the wyvern's attack. The iguana bites you!
You are too injured to fight recklessly!
You are too injured to fight recklessly!
You are too injured to fight recklessly!
You tentacle-slap the wyvern.
Your tentacle-slap misses the wyvern.
The wyvern is heavily wounded.
You block the wyvern's attack. The wyvern bites you!
You tentacle-slap the wyvern. You squeeze the wyvern.
The wyvern is severely wounded.
You block the wyvern's attack.
You bludgeon the wyvern!
You kill the wyvern!
You have reached level 9!
Your experience leads to an increase in your attributes!
Increase (S)trength, (I)ntelligence, or (D)exterity?
You feel stronger. x2
You completely miss the iguana. You grab the iguana.
You constrict the iguana, but do no damage.
The iguana bites you!
* * * LOW HITPOINT WARNING * * *
You tentacle-slap the iguana. You squeeze the iguana!
The iguana is heavily wounded.
You constrict the iguana. The iguana bites you!
You die...

....#..#.##.#
.####..#.#..#
.......#....#
...###.##...####
..<.##.#.......#
............#..###
......###........#
.....## #....###.#
...### #...## #h#
..## #...## #l#
.## #...## #..# ##
#..## #...# # ..#
#...## #....
#..... #.....#
......


You could see an iguana.

Vanquished Creatures
  Grinder (D:4)
  Sigmund (D:4)
  Eustachio (D:5)
  A wyvern (D:5)
  An ogre (D:5)
  2 black bears
  A gnoll sergeant (D:5)
  3 scorpions
  4 hounds
  2 jellies
  2 orc priests
  Jessica (D:3)
  Ijyb (D:3)
  An iguana (D:5)
  3 orc wizards
  10 adders
  3 gnolls (D:5)
  A shadow imp (D:5)
  A white imp (D:5)
  An ufetubus (D:5)
  2 worms (D:3)
  4 dart slugs
  9 orcs
  5 ball pythons
  4 endoplasms
  3 giant cockroaches
  6 goblins
  3 hobgoblins
  2 jackals (D:1)
  5 kobolds
  3 quokkas
  4 bats
  5 frilled lizards
  5 rats
101 creatures vanquished.

Notes
Turn   | Place    | Note
-------+----------+-------------------------------------------
     0 | D:1      | LeprechaunX the Octopode Shapeshifter began the quest for
                  | the Orb.
     0 | D:1      | Reached XP level 1. HP: 14/14 MP: 1/1
    85 | D:1      | Reached XP level 2. HP: 14/19 MP: 2/2
   244 | D:1      | Reached XP level 3. HP: 22/24 MP: 3/3
   591 | D:2      | Reached XP level 4. HP: 9/30 MP: 4/4
   781 | D:2      | Found a burning altar of Makhleb.
   788 | D:2      | Found Esuige's Magic Scroll Boutique.
  1209 | D:3      | Noticed Jessica
  1212 | D:3      | Killed Jessica
  1213 | D:3      | Reached XP level 5. HP: 35/35 MP: 5/5
  1589 | D:3      | Found a glowing golden altar of the Shining One.
  1601 | D:3      | Noticed Ijyb
  1606 | D:3      | Killed Ijyb
  1913 | D:3      | Found a faded altar of an unknown god.
  2109 | D:4      | Noticed Sigmund
  2114 | D:4      | Reached XP level 6. HP: 27/42 MP: 6/6
  2223 | D:4      | Noticed Grinder
  2233 | D:4      | Paralysed by Grinder for 5 turns
  2239 | D:4      | Killed Grinder
  2240 | D:4      | Reached XP level 7. HP: 39/46 MP: 7/7
  2331 | D:4      | Killed Sigmund
  2373 | D:4      | Found a hazy altar of Hepliaklqana.
  2419 | D:4      | Reached skill level 5 in Unarmed Combat
  2559 | D:4      | You fall into a shaft and drop 2 floors!
  2583 | D:6      | Reached skill level 5 in Shapeshifting
  2669 | D:6      | Found a burning altar of Makhleb.
  2687 | D:6      | Reached XP level 8. HP: 29/54 MP: 8/8
  2845 | D:5      | Entered Level 5 of the Dungeon
  3357 | D:5      | Noticed Eustachio
  3374 | D:5      | Killed Eustachio
  4023 | D:5      | Found a radiant altar of Vehumet.
  4197 | D:5      | Noticed a wyvern
  4206 | D:5      | Killed a wyvern
  4207 | D:5      | Reached XP level 9. HP: 20/60 MP: 9/9
  4208 | D:5      | Slain by an iguana

Illustrated notes

Levels and vault maps discovered:
D:1:      co_arrival_square_in_a_square_in_a_square, layout_rooms
D:2:      layout_loops_cross, serial_shops, shop_coins, basic_altar
D:3:      layout_loops_corners, tso_metal_star,
          shapermc_ecumenical_altar_mp_vishouse, grunt_decor_mini_mirrors,
          uniq_ijyb, uniq_jessica
D:4:      layout_loops_ring, mainiacjoe_overflow_catwalk, serial_rivers,
          chequers_serial_rivers_micro_c, chequers_serial_rivers_marsh,
          chequers_serial_rivers_small_b, chequers_serial_rivers_micro_e,
          chequers_serial_rivers_micro_b, chequers_serial_rivers_large_b,
          minmay_misc_feat_tiny, uniq_grinder, uniq_sigmund
D:5:      minmay_thick_lines, layout_loops_corners, lemuel_tele_altar,
          amethyst_killhole, minivault_26, serial_bayou_lagoon_a,
          uniq_crazy_yiuf_cottage, uniq_eustachio, uniq_pikel
D:6:      layout_cave_pools, fedhas_altar_decomposition,
          nicolae_overflow_crystal_walls, makhleb_heckhound_becter,
          serial_shops, shop, serial_bayou_pond_d, kennysheep_minor_cross,
          uniq_duvessa

Skill      XL: |  1  2  3  4  5  6  7  8 |
---------------+-------------------------+-----
Unarmed Combat | 3 4 5 6 |  6.8
Shapeshifting  | 4 5 6 |  6.2
Fighting       | 3 4 |  4.8
Dodging        | 3 4 |  4.9

Action                     |  1- 3 |  4- 6 |  7- 9 || total
---------------------------+-------+-------+-------++-------
  Melee: Unarmed           |    52 |    66 |   112 ||   230
         Constrict         |    18 |    17 |    28 ||    63
         Tentacles         |     6 |    15 |    31 ||    52
         Punch             |     1 |       |     3 ||     4
  Evoke: Wand              |       |     4 |       ||     4
   Stab: Sleeping          |     3 |     9 |     4 ||    16
         Distracted        |       |     1 |       ||     1
 Armour: Skin              |     5 |     2 |     5 ||    12
  Dodge: Dodged            |    28 |    38 |    45 ||   111
  Block: Other             |       |       |    19 ||    19

Table legend: (Time is in decaauts)
 A = Elapsed time spent in this place.
 B = Non-inter-level travel time spent in this place.
 C = Inter-level travel time spent in this place.
 D = Time resting spent in this place.
 E = Time spent auto-exploring this place.
 F = Levels seen in this place.
 G = Mean time per level.
                   A        B        C        D        E       F      G
               +--------+--------+--------+--------+--------+-----+--------+
         Total |   4192 |   4031 |    161 |    301 |   3121 |   6 |  698.7 |
       Dungeon |   4192 |   4031 |    161 |    301 |   3121 |   6 |  698.7 |
               +--------+--------+--------+--------+--------+-----+--------+

Top non-repeatable levels by time:
     D:4: 982 daAuts
     D:3: 930 daAuts
     D:5: 874 daAuts
     D:2: 681 daAuts
     D:1: 439 daAuts
     D:6: 283 daAuts
